 Dungeon Crawl Stone Soup version 0.26-a0-64-g059e62fbdb (webtiles) character file.

Game seed: 1016629368184193127

121 Ozzies the Skirmisher (level 4, -2/45 HPs)
             Began as a Deep Dwarf Gladiator on June 10, 2020.
             Slain by Sigmund
             ... wielding a +0 scythe
              (6 damage)
             ... on level 3 of the Dungeon.
             The game lasted 00:06:27 (1670 turns).

Ozzies the Skirmisher (Deep Dwarf Gladiator)        Turns: 1670, Time: 00:06:27

Health: -2/45      AC:  6    Str: 19    XL:     4   Next: 76%
Magic:  4/4        EV: 13    Int:  8    God:
Gold:   59         SH:  0    Dex: 14    Spells: 3/3 levels left

rFire    . . .     SeeInvis .   r - +2 spear (vorpal)
rCold    . . .     Gourm    .   (no shield)
rNeg     . . .     Faith    .   b - +0 leather armour
rPois    .         Spirit   .   c - +0 helmet
rElec    .         Reflect  .   (no cloak)
rCorr    .         Harm     .   j - +1 pair of gloves
MR       .....                  (no boots)
Stlth    +.........             (no amulet)
HPRegen  0.00/turn              (no ring)
MPRegen  0.09/turn              (no ring)

@: non-regenerating
A: damage resistance, heal wounds, sense surroundings 1, no regeneration
a: Heal Wounds


You were on level 3 of the Dungeon.
You were hungry.

You visited 1 branch of the dungeon, and saw 3 of its levels.

You collected 59 gold pieces.

Inventory:

Hand Weapons
 a - a +0 war axe
 q - a +2 vorpal flail
 r - a +2 vorpal spear (weapon)
Missiles
 d - 3 throwing nets (quivered)
Armour
 b - a +0 leather armour (worn)
 c - a +0 helmet (worn)
 j - a +1 pair of gloves (worn)
Jewellery
 k - a cursed ring of teleportation {unknown}
 t - an uncursed ring of poison resistance {unknown}
Scrolls
 g - 3 scrolls of identify {unknown}
 h - 2 scrolls of remove curse {unknown}
 i - a scroll of fear {unknown}
 l - a scroll of magic mapping {unknown}
 s - a scroll of teleportation {unknown}
Potions
 e - a potion of magic {unknown}
 m - 2 potions of resistance {unknown}
 n - a potion of haste {unknown}
 o - a potion of flight {unknown}
 p - a potion of degeneration {unknown}
Comestibles
 f - 3 rations


   Skills:
 + Level 4.3 Fighting
 - Level 3.5 Axes
 - Level 1.8 Throwing
 - Level 3.4 Dodging


You had 3 spell levels left.
You didn't know any spells.
Your spell library was empty.

Dungeon Overview and Level Annotations

Branches:
Dungeon (3/15)

Altars:
Okawaru

Annotations:
D:3 Sigmund


Innate Abilities, Weirdness & Mutations

You are resistant to damage.
You can heal yourself by infusing magical energy.
You passively map a small area around you.
You do not regenerate.


Message History

No target in view!
No target in view!
No target in view!
You swing at nothing.
Something hits you but does no damage.
You swing at nothing.
Something hits you.
You swing at nothing.
A magic dart appears from out of thin air!
The magic dart hits you.
You swing at nothing.
You hear some strange, mumbled words.
Something tries to affect you, but you resist.
You swing at nothing.
Something hits you.
You swing at nothing.
You swing at nothing.
Something hits you!
You swing at nothing.
Something hits you!
You swing at nothing.
You swing at nothing.
Something hits you!
* * * LOW HITPOINT WARNING * * *
You swing at nothing.
Something hits you!
You die...

, , , * , ,
*######### ,
........#
*########.#
......†..#
#(#.##.###..#
......<@....#
#....#.#.#..#
#..*.{.#.####
* . .....#.#
#...#.#.# *
#...#.#.# #..
..#.# #..
###.##### * *
#.....#


There were no monsters in sight!

Vanquished Creatures
  Terence (D:2)
  3 adders (D:2)
  2 worms
  4 leopard geckos
  A giant cockroach (D:1)
  7 goblins
  8 hobgoblins
  11 jackals
  8 kobolds (D:1)
  A ball python (D:2)
  3 bats
  A frilled lizard (D:3)
  4 rats
54 creatures vanquished.

Notes
Turn   | Place    | Note
-------+----------+-------------------------------------------
     0 | D:1      | Ozzies the Deep Dwarf Gladiator began the quest for the
                  | Orb.
     0 | D:1      | Reached XP level 1. HP: 19/19 MP: 1/1
   159 | D:1      | Reached skill level 2 in Fighting
   159 | D:1      | Reached XP level 2. HP: 20/26 MP: 2/2
   675 | D:1      | Reached XP level 3. HP: 33/33 MP: 3/3
   905 | D:2      | Reached skill level 3 in Fighting
   977 | D:2      | Found an iron altar of Okawaru.
   978 | D:2      | Noticed Terence
   986 | D:2      | Killed Terence
   987 | D:2      | Reached XP level 4. HP: 37/43 MP: 4/4
  1173 | D:2      | Reached skill level 4 in Fighting
  1652 | D:3      | Noticed Sigmund
  1670 | D:3      | Slain by Sigmund

Illustrated notes

Levels and vault maps discovered:
D:1:      dpeg_arrival_tiny_a, layout_basic, hex_medium
D:2:      layout_loops_ring, okawaru_ov_weapons_minmay, uniq_terence
D:3:      layout_basic, lemuel_doored_altar, fedhas_altar_3, led_sif_pool,
          first_ration, uniq_ijyb, uniq_sigmund

Skill      XL: |  1  2  3  4 |
---------------+-------------+-----
Fighting       | 2 3 4 |  4.3
Axes           | |  3.5
Throwing       | |  1.8
Dodging        | |  3.4

Action                   |  1- 3 |  4- 6 || total
-------------------------+-------+-------++-------
Melee: War axe           |    99 |       ||    99
       Spear             |       |    69 ||    69
Throw: Throwing net      |     1 |       ||     1
 Abil: Heal Wounds       |     1 |       ||     1
 Stab: Sleeping          |     1 |     1 ||     2
  Eat: Chunk             |       |     2 ||     2
Armor: Leather armour    |    30 |    21 ||    51
Dodge: Dodged            |    72 |    38 ||   110

Table legend:
 A = Non-vault XP
 B = Vault XP
 C = Vault XP percentage of total XP
 D = Non-vault monster count
 E = Vault monster count
 F = Vault count percentage of total count
                 A         B        C        D         E       F
            +---------+---------+-------+---------+---------+-------
      Total |     137 |      36 |  20.8 |      53 |       1 |   1.9
            +---------+---------+-------+---------+---------+-------
        D:1 |      45 |       0 |   0.0 |      26 |       0 |   0.0
        D:2 |      86 |      36 |  29.5 |      25 |       1 |   3.8
        D:3 |       6 |       0 |   0.0 |       2 |       0 |   0.0
            +---------+---------+-------+---------+---------+-------
